Harfangs vs Tamiflu
Created - 18 janvier 2014 at 19:05
Goals
|
| Harfangs |
0 |
2 |
2 |
4 |
| Tamiflu |
1 |
0 |
1 |
2 |
|
Shots
|
| Harfangs |
7 |
8 |
8 |
23 |
| Tamiflu |
20 |
5 |
15 |
40 |
|
1st period
1. Tamiflu , Mike Brown 21 (Radek Bonk, Alex Picard) at 18:38 (PP)
Penalties :
James Wisniewski (BEA) for High sticking (Minor) at 18:28
2nd period
2. Harfangs , Boyd Gordon 20 (Eric Godard, Peter Olvecky) at 1:13 (PP)
3. Harfangs , Pavel Vorobiev 19 (Petri Kontiola, James Wisniewski) at 1:55
Penalties :
Mike Brown (Det) for Hooking (Minor) at 1:08, Petr Pohl (Det) for Hooking (Minor) at 14:00
3rd period
4. Harfangs , Alex Killorn 8 (Colton Orr, Victor Bartley) at 8:31
5. Harfangs , Stephane Da Costa 9 (Sasha Pokulok) at 9:34
6. Tamiflu , Alex Picard 32 (Radek Bonk) at 11:23 (PP)
Penalties :
Peter Olvecky (BEA) for Hooking (Minor) at 9:51, Victor Bartley (BEA) for Elbowing (Minor) at 13:22, Stefan Ruzicka (BEA) for Holding (Minor) at 15:43
Goalie Stats
Ray Emery (BEA), 38 saves from 40 shots - (0,950), W, 17-8-4, 60:00 minutes
Mike McKenna (Det), 19 saves from 23 shots - (0,826), L, 20-6-4, 60:00 minutes
Players Stats for Harfangs
Player Name G A P +/- PIM S H SB GA TA FO MP PP MP PK MP
------------------------------------------------------------------------------------
Alex Killorn 1 0 1 1 0 3 0 0 0 0 2/2 8:06 0:00 1:23
Boyd Gordon 1 0 1 0 0 2 1 2 0 1 22/35 20:12 0:30 1:53
Brett Carson 0 0 0 1 0 1 0 0 0 1 0/0 26:53 1:07 3:41
Brian Lashoff 0 0 0 0 0 1 0 2 0 1 0/0 14:32 0:00 0:41
Colton Orr 0 1 1 1 0 0 1 0 0 0 0/0 8:06 0:39 0:00
Dustin Jeffrey 0 0 0 1 0 2 3 0 0 1 0/0 15:59 1:03 0:00
Eric Godard 0 1 1 1 0 4 2 0 0 0 6/8 25:01 0:25 3:17
James Wisniewski 0 1 1 1 2 3 2 2 0 2 0/0 26:04 1:07 3:15
Luca Caputi 0 0 0 1 0 0 0 0 0 0 0/0 13:44 0:13 0:00
Matt Keith 0 0 0 0 0 0 0 0 0 0 0/0 0:34 0:12 0:00
Nick Holden 0 0 0 0 0 0 0 1 1 0 0/0 13:51 0:00 0:00
Pavel Vorobiev 1 0 1 1 0 4 0 0 1 0 0/1 19:09 1:03 3:18
Peter Olvecky 0 1 1 0 2 1 1 0 0 0 0/0 18:47 0:25 0:31
Petri Kontiola 0 1 1 1 0 0 2 0 0 0 7/13 15:46 1:03 0:00
Sasha Pokulok 0 1 1 2 0 0 2 1 0 0 0/0 19:54 0:57 2:15
Stefan Ruzicka 0 0 0 1 2 1 1 0 0 0 1/2 14:23 0:00 0:58
Stephane Da Costa 1 0 1 1 0 1 0 1 0 1 3/6 14:24 0:39 0:00
Victor Bartley 0 1 1 2 2 0 0 0 0 1 0/0 18:51 0:57 1:28
Players Stats for Tamiflu
Player Name G A P +/- PIM S H SB GA TA FO MP PP MP PK MP
------------------------------------------------------------------------------------
Adam Henrique 0 0 0 -1 0 2 0 0 0 0 2/5 8:38 0:00 0:00
Alex Picard 1 1 2 -2 0 8 1 1 0 0 0/1 23:07 3:24 1:02
Carson Mcmillan 0 0 0 -1 0 3 1 1 0 0 0/0 9:19 0:00 0:33
Casey Wellman 0 0 0 0 0 0 0 0 0 0 0/0 0:00 0:00 0:00
Cody Goloubef 0 0 0 -1 0 0 0 0 0 0 0/0 4:53 0:00 0:00
Colin Greening 0 0 0 0 0 0 0 0 0 0 0/0 0:24 0:00 0:20
David Clarkson 0 0 0 0 0 1 3 0 0 0 0/0 11:39 0:00 0:00
Greg Mauldin 0 0 0 0 0 0 2 1 0 0 4/8 11:39 0:00 0:00
Jan Mursak 0 0 0 0 0 0 1 0 0 0 0/1 11:31 0:00 0:00
Jani Rita 0 0 0 0 0 6 2 0 2 0 0/0 16:24 2:16 0:50
Johan Fransson 0 0 0 0 0 0 0 2 0 1 0/0 10:58 0:00 0:00
Johan Ryno 0 0 0 0 0 0 0 0 0 0 0/0 0:00 0:00 0:00
Jordan Hendry 0 0 0 -1 0 4 1 2 0 1 0/0 25:23 3:23 1:24
Justin Braun 0 0 0 0 0 0 0 0 0 0 0/0 10:58 0:00 0:00
Kyle Lawson 0 0 0 -1 0 0 0 0 1 0 0/0 18:46 2:17 0:40
Mattias Tedenby 0 0 0 0 0 0 0 0 0 0 0/0 0:00 0:00 0:00
Mike Brown 1 0 1 -2 2 5 5 1 1 0 2/4 22:00 3:24 0:00
Nate Thompson 0 0 0 0 0 6 3 0 0 0 3/17 15:54 2:16 0:20
Nathan Oystrick 0 0 0 -1 0 1 3 0 2 0 0/0 18:46 2:17 0:40
Pavel Trnka 0 0 0 -1 0 1 1 2 1 0 0/0 25:23 3:23 1:24
Petr Pohl 0 0 0 0 2 1 5 1 0 0 1/2 15:37 2:16 0:00
Philippe Dupuis 0 0 0 0 0 0 0 0 0 0 0/0 0:00 0:00 0:00
Radek Bonk 0 2 2 -2 0 2 0 1 1 0 14/29 22:55 3:24 0:54
Rich Clune 0 0 0 -1 0 0 1 0 0 0 0/0 8:47 0:00 0:09
Teemu Laakso 0 0 0 -1 0 0 0 0 0 0 0/0 4:53 0:00 0:00
3 Stars
1 - Ray Emery (BEA)
2 - Stephane Da Costa (BEA)
3 - Sasha Pokulok (BEA)
Power Play
Harfangs - 1 on 2 Attempt(s) - 50,00%
Tamiflu - 2 on 4 Attempt(s) - 50,00%
Penalty Kill
Harfangs - 2 on 4 Attempt(s) - 50,00%
- Score 0 goal in Penalty Kill
Tamiflu - 1 on 2 Attempt(s) - 50,00%
- Score 0 goal in Penalty Kill
Official
Referees : Walsh Ian and Charron Francis
Linesman : Dan Schachte and Michel Cormier
Game Notes
No Game Note
Finance
Level 1 -- Attendance: 1581 (79,05%) -- Ticket Income 47 430 $
Level 2 -- Attendance: 702 (70,20%) -- Ticket Income 8 424 $
Total Attendance: 2283 (76,10%)
Total Ticket Income: 55 854 $
Other Income: 2 793 $
Total Income: 58 647 $
Harfangs
5 vs 5 Forward
Center Left Wing Right Wing Time % Phy DF OF
1 Boyd Gordon Peter Olvecky Eric Godard 40 1 2 2
2 Petri Kontiola Dustin Jeffrey Pavel Vorobiev 30 1 2 2
3 Stephane Da Costa Luca Caputi Stefan Ruzicka 20 1 2 2
4 Alex Killorn Eric Godard Colton Orr 10 1 2 2
5 vs 5 Defense
Defense Defense Time % Phy DF OF
1 James Wisniewski Brett Carson 40 1 2 2
2 Sasha Pokulok Victor Bartley 30 1 2 2
3 Nick Holden Brian Lashoff 20 1 2 2
4 James Wisniewski Brett Carson 10 1 2 2
PowerPlay Forward
Center Left Wing Right Wing Time % Phy DF OF
1 Boyd Gordon Peter Olvecky Eric Godard 60 1 2 2
2 Petri Kontiola Dustin Jeffrey Pavel Vorobiev 40 1 2 2
PowerPlay Defense
Defense Defense Time % Phy DF OF
1 James Wisniewski Brett Carson 60 1 2 2
2 Sasha Pokulok Victor Bartley 40 1 2 2
Penalty Kill 4 Players Forward
Center Wing Time % Phy DF OF
1 Eric Godard Pavel Vorobiev 60 1 2 2
2 Boyd Gordon Stefan Ruzicka 40 1 2 2
Penalty Kill 4 Players Defense
Defense Defense Time % Phy DF OF
1 James Wisniewski Brett Carson 60 1 2 2
2 Sasha Pokulok Victor Bartley 40 1 2 2
Penalty Kill - 3 Players Forward
Forward Time % Phy DF OF
1 Eric Godard 60 1 2 2
2 Pavel Vorobiev 40 1 2 2
Penalty Kill - 3 Players Defense
Defense Defense Time % Phy DF OF
1 James Wisniewski Brett Carson 60 1 2 2
2 Sasha Pokulok Victor Bartley 40 1 2 2
4 vs 4 Forward
Center Wing Time % Phy DF OF
1 Eric Godard Pavel Vorobiev 60 1 2 2
2 Boyd Gordon Stefan Ruzicka 40 1 2 2
4 vs 4 Defense
Defense Defense Time % Phy DF OF
1 James Wisniewski Brett Carson 60 1 2 2
2 Sasha Pokulok Victor Bartley 40 1 2 2
Last Minutes Offensive
Center Left Wing Right Wing Defense Defense
Boyd Gordon Peter Olvecky Eric Godard James Wisniewski Brett Carson
Last Minutes Defensive
Center Left Wing Right Wing Defense Defense
Boyd Gordon Peter Olvecky Eric Godard James Wisniewski Brett Carson
Goaltenders
Starting : Ray Emery
Backup : Marek Schwarz
Extra Forwards
Normal : Colton Orr, Stephane Da Costa, Alex Killorn - PP : Colton Orr, Stephane Da Costa - PK : Alex Killorn
Extra Defensemen
Normal : Nick Holden, Brian Lashoff, Sasha Pokulok - PP : Nick Holden - PK : Brian Lashoff, Sasha Pokulok
Penalty Shots
Eric Godard, Pavel Vorobiev, Boyd Gordon, Stefan Ruzicka, Colton Orr
Tamiflu
5 vs 5 Forward
Center Left Wing Right Wing Time % Phy DF OF
1 Radek Bonk Alex Picard Mike Brown 40 1 2 2
2 Nate Thompson Jani Rita Petr Pohl 30 1 2 2
3 Greg Mauldin Jan Mursak David Clarkson 20 1 2 2
4 Adam Henrique Rich Clune Carson Mcmillan 10 1 2 2
5 vs 5 Defense
Defense Defense Time % Phy DF OF
1 Pavel Trnka Jordan Hendry 40 1 2 2
2 Nathan Oystrick Kyle Lawson 30 1 2 2
3 Johan Fransson Justin Braun 20 1 2 2
4 Cody Goloubef Teemu Laakso 10 1 2 2
PowerPlay Forward
Center Left Wing Right Wing Time % Phy DF OF
1 Radek Bonk Alex Picard Mike Brown 60 1 2 2
2 Nate Thompson Jani Rita Petr Pohl 40 1 2 2
PowerPlay Defense
Defense Defense Time % Phy DF OF
1 Pavel Trnka Jordan Hendry 60 1 2 2
2 Nathan Oystrick Kyle Lawson 40 1 2 2
Penalty Kill 4 Players Forward
Center Wing Time % Phy DF OF
1 Radek Bonk Alex Picard 60 1 2 2
2 Nate Thompson Jani Rita 40 1 2 2
Penalty Kill 4 Players Defense
Defense Defense Time % Phy DF OF
1 Pavel Trnka Jordan Hendry 60 1 2 2
2 Nathan Oystrick Kyle Lawson 40 1 2 2
Penalty Kill - 3 Players Forward
Forward Time % Phy DF OF
1 Radek Bonk 60 1 2 2
2 Alex Picard 40 1 2 2
Penalty Kill - 3 Players Defense
Defense Defense Time % Phy DF OF
1 Pavel Trnka Jordan Hendry 60 1 2 2
2 Nathan Oystrick Kyle Lawson 40 1 2 2
4 vs 4 Forward
Center Wing Time % Phy DF OF
1 Radek Bonk Alex Picard 60 1 2 2
2 Nate Thompson Jani Rita 40 1 2 2
4 vs 4 Defense
Defense Defense Time % Phy DF OF
1 Pavel Trnka Jordan Hendry 60 1 2 2
2 Nathan Oystrick Kyle Lawson 40 1 2 2
Last Minutes Offensive
Center Left Wing Right Wing Defense Defense
Radek Bonk Alex Picard Mike Brown Pavel Trnka Jordan Hendry
Last Minutes Defensive
Center Left Wing Right Wing Defense Defense
Radek Bonk Alex Picard Mike Brown Pavel Trnka Jordan Hendry
Goaltenders
Starting : Mike McKenna
Backup : Thomas Greiss
Extra Forwards
Normal : Greg Mauldin, David Clarkson, Carson Mcmillan - PP : Greg Mauldin, David Clarkson - PK : Carson Mcmillan
Extra Defensemen
Normal : Johan Fransson, Justin Braun, Cody Goloubef - PP : Johan Fransson - PK : Justin Braun, Cody Goloubef
Penalty Shots
Radek Bonk, Alex Picard, Nate Thompson, Jani Rita, Mike Brown
% Time on Ice - Harfangs
Lines # - Real PCT - Wanted PCT - Time Play
Normal Forward
1 - 36% - 40% - 18:35
2 - 28% - 30% - 14:43
3 - 25% - 20% - 13:04
4 - 11% - 10% - 5:54
Normal Defense
1 - 36% - 40% - 18:51
2 - 32% - 30% - 16:42
3 - 26% - 20% - 13:51
4 - 5% - 10% - 2:52
PP Forward
1 - 40% - 60% - 0:50
2 - 60% - 40% - 1:14
PP Defense
1 - 54% - 60% - 1:07
2 - 46% - 40% - 0:57
PK Forward
1 - 72% - 60% - 4:06
2 - 28% - 40% - 1:34
PK Defense
1 - 60% - 60% - 3:25
2 - 40% - 40% - 2:15
PK3 Forward
1 - 0% - 60%
2 - 0% - 40%
PK3 Defense
1 - 0% - 60%
2 - 0% - 40%
44 Forward
1 - 0% - 60%
2 - 0% - 40%
44 Defense
1 - 0% - 60%
2 - 0% - 40%
Last Minute Offensive - 0:00
Last Minute Defensive - 0:00
Total
Forward - 60:00
Defense - 60:00
|
% Time on Ice - Tamiflu
Lines # - Real PCT - Wanted PCT - Time Play
Normal Forward
1 - 36% - 40% - 18:49
2 - 25% - 30% - 13:18
3 - 22% - 20% - 11:31
4 - 17% - 10% - 8:38
Normal Defense
1 - 39% - 40% - 20:36
2 - 30% - 30% - 15:49
3 - 21% - 20% - 10:58
4 - 9% - 10% - 4:53
PP Forward
1 - 60% - 60% - 3:24
2 - 40% - 40% - 2:16
PP Defense
1 - 60% - 60% - 3:23
2 - 40% - 40% - 2:17
PK Forward
1 - 84% - 60% - 1:44
2 - 16% - 40% - 0:20
PK Defense
1 - 68% - 60% - 1:24
2 - 32% - 40% - 0:40
PK3 Forward
1 - 0% - 60%
2 - 0% - 40%
PK3 Defense
1 - 0% - 60%
2 - 0% - 40%
44 Forward
1 - 0% - 60%
2 - 0% - 40%
44 Defense
1 - 0% - 60%
2 - 0% - 40%
Last Minute Offensive - 0:00
Last Minute Defensive - 0:00
Total
Forward - 60:00
Defense - 60:00
|
Play by Play
1st period
0:01 of 1st period - Radek Bonk wins face-off versus Boyd Gordon in neutral zone.
0:25 of 1st period - Brett Carson is hit by Jani Rita.
0:45 of 1st period - Stephane Da Costa is hit by Jan Mursak and loses puck.
1:06 of 1st period - Wrist shot by Carson Mcmillan.
1:06 of 1st period - Stopped by Ray Emery without a rebound.
1:07 of 1st period - Alex Killorn wins face-off versus Adam Henrique in Harfangs zone.
1:14 of 1st period - Colton Orr is hit by Rich Clune and loses puck.
1:31 of 1st period - Wrist shot by Alex Killorn.
1:31 of 1st period - Stopped by Mike McKenna with a rebound.
2:12 of 1st period - Snap shot by Carson Mcmillan.
2:12 of 1st period - Stopped by Ray Emery with a rebound.
3:05 of 1st period - Wrist shot by Carson Mcmillan.
3:05 of 1st period - Stopped by Ray Emery without a rebound.
3:06 of 1st period - Petri Kontiola wins face-off versus Radek Bonk in Harfangs zone.
3:39 of 1st period - Off-side.
3:40 of 1st period - Petri Kontiola wins face-off versus Nate Thompson in neutral zone.
3:51 of 1st period - Slapshot by Dustin Jeffrey.
3:51 of 1st period - Stopped by Mike McKenna with a rebound.
3:53 of 1st period - Slapshot by Brian Lashoff.
3:53 of 1st period - Stopped by Mike McKenna with a rebound.
4:21 of 1st period - Petri Kontiola is hit by Nathan Oystrick and loses puck.
4:36 of 1st period - Snap shot by Alex Picard.
4:36 of 1st period - Stopped by Ray Emery without a rebound.
4:37 of 1st period - Boyd Gordon wins face-off versus Radek Bonk in Harfangs zone.
4:37 of 1st period - Boyd Gordon is hit by Mike Brown.
5:21 of 1st period - Off-side.
5:22 of 1st period - Petri Kontiola wins face-off versus Petr Pohl in neutral zone.
5:25 of 1st period - Wrist shot by Jani Rita.
5:25 of 1st period - Stopped by Ray Emery with a rebound.
5:27 of 1st period - Snap shot by Nate Thompson.
5:27 of 1st period - Stopped by Ray Emery without a rebound.
5:28 of 1st period - Boyd Gordon wins face-off versus Nate Thompson in Harfangs zone.
5:33 of 1st period - Slapshot by James Wisniewski.
5:33 of 1st period - Shot Misses the Net.
5:35 of 1st period - Slapshot by James Wisniewski.
5:35 of 1st period - Shot Misses the Net.
5:37 of 1st period - Slapshot by Brett Carson.
5:37 of 1st period - Stopped by Mike McKenna with a rebound.
5:39 of 1st period - Wrist shot by Boyd Gordon.
5:39 of 1st period - Shot Blocked by Jordan Hendry.
5:41 of 1st period - Snap shot by James Wisniewski.
5:41 of 1st period - Deflect By Eric Godard.
5:41 of 1st period - Shot Blocked by Pavel Trnka.
5:41 of 1st period - Puck is out of play.
5:42 of 1st period - Boyd Gordon wins face-off versus Radek Bonk in Tamiflu zone.
6:32 of 1st period - Wrist shot by Stefan Ruzicka.
6:32 of 1st period - Shot Blocked by Carson Mcmillan.
7:15 of 1st period - Icing by Mike Brown.
7:16 of 1st period - Mike Brown wins face-off versus Boyd Gordon in Tamiflu zone.
7:47 of 1st period - Wrist shot by Nate Thompson.
7:47 of 1st period - Stopped by Ray Emery without a rebound.
7:48 of 1st period - Greg Mauldin wins face-off versus Boyd Gordon in Harfangs zone.
7:49 of 1st period - Slapshot by Jordan Hendry.
7:49 of 1st period - Shot Blocked by Brian Lashoff.
7:51 of 1st period - Slapshot by Pavel Trnka.
7:51 of 1st period - Shot Misses the Net.
7:53 of 1st period - Snap shot by Greg Mauldin.
7:53 of 1st period - Shot Blocked by Nick Holden.
7:55 of 1st period - Wrist shot by David Clarkson.
7:55 of 1st period - Stopped by Ray Emery with a rebound.
7:57 of 1st period - Snap shot by Jordan Hendry.
7:57 of 1st period - Deflect By Peter Olvecky.
7:57 of 1st period - Stopped by Ray Emery with a rebound.
7:59 of 1st period - Snap shot by Greg Mauldin.
7:59 of 1st period - Shot Misses the Net.
8:01 of 1st period - Slapshot by Pavel Trnka.
8:01 of 1st period - Stopped by Ray Emery with a rebound.
8:21 of 1st period - Slapshot by Nate Thompson.
8:21 of 1st period - Stopped by Ray Emery without a rebound.
8:22 of 1st period - Radek Bonk wins face-off versus Boyd Gordon in Harfangs zone.
9:29 of 1st period - Icing by Nathan Oystrick.
9:30 of 1st period - Boyd Gordon wins face-off versus Greg Mauldin in Tamiflu zone.
9:31 of 1st period - Slapshot by Eric Godard.
9:31 of 1st period - Shot Misses the Net.
9:33 of 1st period - Slapshot by Brett Carson.
9:33 of 1st period - Shot Blocked by Greg Mauldin.
9:35 of 1st period - Snap shot by James Wisniewski.
9:35 of 1st period - Stopped by Mike McKenna with a rebound.
9:43 of 1st period - Wrist shot by Eric Godard.
9:43 of 1st period - Shot Misses the Net.
9:45 of 1st period - Snap shot by Eric Godard.
9:45 of 1st period - Stopped by Mike McKenna with a rebound.
9:59 of 1st period - Snap shot by Alex Picard.
9:59 of 1st period - Stopped by Ray Emery without a rebound.
10:00 of 1st period - Radek Bonk wins face-off versus Boyd Gordon in Harfangs zone.
10:01 of 1st period - Wrist shot by Mike Brown.
10:01 of 1st period - Stopped by Ray Emery without a rebound.
10:02 of 1st period - Boyd Gordon wins face-off versus Radek Bonk in Harfangs zone.
10:30 of 1st period - Snap shot by Jani Rita.
10:30 of 1st period - Stopped by Ray Emery with a rebound.
11:18 of 1st period - Wrist shot by Eric Godard.
11:18 of 1st period - Shot Blocked by Johan Fransson.
11:57 of 1st period - Nathan Oystrick is hit by Colton Orr and loses puck.
12:08 of 1st period - Nick Holden is hit by Greg Mauldin.
12:14 of 1st period - Kyle Lawson is hit by Stefan Ruzicka and loses puck.
12:26 of 1st period - Off-side.
12:27 of 1st period - Eric Godard wins face-off versus Adam Henrique in neutral zone.
12:30 of 1st period - Pavel Trnka is hit by Eric Godard and loses puck.
12:53 of 1st period - Wrist shot by Pavel Vorobiev.
12:53 of 1st period - Stopped by Mike McKenna with a rebound.
13:43 of 1st period - Snap shot by Greg Mauldin.
13:43 of 1st period - Shot Misses the Net.
14:45 of 1st period - Wrist shot by Pavel Vorobiev.
14:45 of 1st period - Shot Blocked by Jordan Hendry.
15:17 of 1st period - Pavel Vorobiev is hit by Carson Mcmillan and loses puck.
15:58 of 1st period - Wrist shot by Alex Picard.
15:58 of 1st period - Stopped by Ray Emery with a rebound.
16:00 of 1st period - Snap shot by Radek Bonk.
16:00 of 1st period - Shot Misses the Net.
16:18 of 1st period - Snap shot by Greg Mauldin.
16:18 of 1st period - Shot Hit the Post.
16:40 of 1st period - Brett Carson is hit by Nate Thompson and loses puck.
16:53 of 1st period - Backhand shot by Alex Picard.
16:53 of 1st period - Shot Blocked by Sasha Pokulok.
17:30 of 1st period - Sasha Pokulok is hit by Pavel Trnka and loses puck.
17:45 of 1st period - Sasha Pokulok is hit by Mike Brown and loses puck.
17:52 of 1st period - Snap shot by Mike Brown.
17:52 of 1st period - Shot Misses the Net.
17:54 of 1st period - Wrist shot by Radek Bonk.
17:54 of 1st period - Stopped by Ray Emery without a rebound.
17:55 of 1st period - Petri Kontiola wins face-off versus Nate Thompson in Harfangs zone.
18:08 of 1st period - Slapshot by Pavel Vorobiev.
18:08 of 1st period - Shot Blocked by Petr Pohl.
18:10 of 1st period - Snap shot by Petri Kontiola.
18:10 of 1st period - Deflect By Dustin Jeffrey.
18:10 of 1st period - Shot Misses the Net.
18:10 of 1st period - Puck is out of play.
18:11 of 1st period - Boyd Gordon wins face-off versus Radek Bonk in Tamiflu zone.
18:20 of 1st period - Snap shot by Radek Bonk.
18:20 of 1st period - Shot Blocked by Boyd Gordon.
18:22 of 1st period - Slapshot by Radek Bonk.
18:22 of 1st period - Deflect By Alex Picard.
18:22 of 1st period - Stopped by Ray Emery with a rebound.
18:24 of 1st period - Snap shot by Alex Picard.
18:24 of 1st period - Stopped by Ray Emery without a rebound.
18:25 of 1st period - Petr Pohl wins face-off versus Boyd Gordon in Harfangs zone.
18:26 of 1st period - Snap shot by Jani Rita.
18:26 of 1st period - Stopped by Ray Emery with a rebound.
18:28 of 1st period - Minor Penalty to James Wisniewski for High sticking.
18:29 of 1st period - Radek Bonk wins face-off versus Eric Godard in Harfangs zone.
18:38 of 1st period - Snap shot by Mike Brown.
18:38 of 1st period - Goal by Mike Brown - Harfangs : 0 - Tamiflu : 1.
18:39 of 1st period - Radek Bonk wins face-off versus Boyd Gordon in neutral zone.
19:25 of 1st period - Wrist shot by Luca Caputi.
19:25 of 1st period - Shot Blocked by Pavel Trnka.
19:47 of 1st period - Wrist shot by Pavel Trnka.
19:47 of 1st period - Shot Misses the Net.
Goals for this period are 0 for Harfangs vs 1 for Tamiflu.
Shots for this period are 7 for Harfangs vs 20 for Tamiflu.
2nd period
0:01 of 2nd period - Boyd Gordon wins face-off versus Alex Picard in neutral zone.
0:16 of 2nd period - Jordan Hendry is hit by James Wisniewski and loses puck.
1:08 of 2nd period - Minor Penalty to Mike Brown for Hooking.
1:09 of 2nd period - Boyd Gordon wins face-off versus Nate Thompson in Tamiflu zone.
1:11 of 2nd period - Snap shot by Eric Godard.
1:11 of 2nd period - Stopped by Mike McKenna with a rebound.
1:13 of 2nd period - Slapshot by Boyd Gordon.
1:13 of 2nd period - Goal by Boyd Gordon - Harfangs : 1 - Tamiflu : 1.
1:14 of 2nd period - Boyd Gordon wins face-off versus Nate Thompson in neutral zone.
1:29 of 2nd period - Slapshot by Eric Godard.
1:29 of 2nd period - Stopped by Mike McKenna without a rebound.
1:30 of 2nd period - Radek Bonk wins face-off versus Petri Kontiola in Tamiflu zone.
1:34 of 2nd period - Off-side.
1:35 of 2nd period - Petri Kontiola wins face-off versus Radek Bonk in neutral zone.
1:38 of 2nd period - Wrist shot by James Wisniewski.
1:38 of 2nd period - Stopped by Mike McKenna without a rebound.
1:39 of 2nd period - Radek Bonk wins face-off versus Petri Kontiola in Tamiflu zone.
1:55 of 2nd period - Backhand shot by Pavel Vorobiev.
1:55 of 2nd period - Goal by Pavel Vorobiev - Harfangs : 2 - Tamiflu : 1.
1:56 of 2nd period - Boyd Gordon wins face-off versus Nate Thompson in neutral zone.
3:04 of 2nd period - Wrist shot by Boyd Gordon.
3:04 of 2nd period - Deflect By Eric Godard.
3:04 of 2nd period - Shot Misses the Net.
3:04 of 2nd period - Puck is out of play.
3:05 of 2nd period - Adam Henrique wins face-off versus Boyd Gordon in Tamiflu zone.
3:16 of 2nd period - Wrist shot by Adam Henrique.
3:16 of 2nd period - Stopped by Ray Emery without a rebound.
3:17 of 2nd period - Boyd Gordon wins face-off versus Nate Thompson in Harfangs zone.
3:43 of 2nd period - Alex Picard is hit by Petri Kontiola and loses puck.
4:10 of 2nd period - Eric Godard is hit by David Clarkson and loses puck.
4:29 of 2nd period - Slapshot by Stephane Da Costa.
4:29 of 2nd period - Shot Blocked by Johan Fransson.
5:12 of 2nd period - Off-side.
5:13 of 2nd period - Stefan Ruzicka wins face-off versus Radek Bonk in neutral zone.
5:27 of 2nd period - Icing by Brian Lashoff.
5:28 of 2nd period - Stephane Da Costa wins face-off versus Nate Thompson in Harfangs zone.
6:01 of 2nd period - Snap shot by Alex Picard.
6:01 of 2nd period - Stopped by Ray Emery with a rebound.
6:55 of 2nd period - Snap shot by Alex Picard.
6:55 of 2nd period - Deflect By Stefan Ruzicka.
6:55 of 2nd period - Shot Misses the Net.
6:55 of 2nd period - Puck is out of play.
6:56 of 2nd period - Boyd Gordon wins face-off versus Radek Bonk in Harfangs zone.
7:07 of 2nd period - Slapshot by Brett Carson.
7:07 of 2nd period - Shot Blocked by Mike Brown.
7:21 of 2nd period - Pavel Trnka is hit by James Wisniewski and loses puck.
9:41 of 2nd period - Slapshot by Jani Rita.
9:41 of 2nd period - Stopped by Ray Emery without a rebound.
9:42 of 2nd period - Boyd Gordon wins face-off versus Nate Thompson in Harfangs zone.
9:42 of 2nd period - Boyd Gordon is hit by Petr Pohl.
10:13 of 2nd period - Off-side.
10:14 of 2nd period - Stephane Da Costa wins face-off versus Greg Mauldin in neutral zone.
11:50 of 2nd period - Peter Olvecky is hit by Mike Brown and loses puck.
12:24 of 2nd period - Alex Picard is hit by Boyd Gordon and loses puck.
12:35 of 2nd period - Snap shot by Alex Picard.
12:35 of 2nd period - Shot Blocked by Brian Lashoff.
12:59 of 2nd period - Wrist shot by Radek Bonk.
12:59 of 2nd period - Shot Hit the Post.
13:02 of 2nd period - Icing by Eric Godard.
13:03 of 2nd period - Nate Thompson wins face-off versus Boyd Gordon in Harfangs zone.
13:10 of 2nd period - Snap shot by Petr Pohl.
13:10 of 2nd period - Stopped by Ray Emery with a rebound.
13:22 of 2nd period - Brian Lashoff is hit by Nate Thompson and loses puck.
13:33 of 2nd period - Wrist shot by Eric Godard.
13:33 of 2nd period - Stopped by Mike McKenna without a rebound.
13:34 of 2nd period - Greg Mauldin wins face-off versus Petri Kontiola in Tamiflu zone.
13:48 of 2nd period - Off-side.
13:49 of 2nd period - Nate Thompson wins face-off versus Stephane Da Costa in neutral zone.
13:52 of 2nd period - James Wisniewski is hit by Petr Pohl and loses puck.
14:00 of 2nd period - Minor Penalty to Petr Pohl for Hooking.
14:01 of 2nd period - Petri Kontiola wins face-off versus Radek Bonk in Tamiflu zone.
14:01 of 2nd period - Snap shot by Dustin Jeffrey.
14:01 of 2nd period - Stopped by Mike McKenna with a rebound.
14:07 of 2nd period - Slapshot by James Wisniewski.
14:07 of 2nd period - Stopped by Mike McKenna with a rebound.
14:09 of 2nd period - Snap shot by Brett Carson.
14:09 of 2nd period - Shot Blocked by Alex Picard.
15:05 of 2nd period - Stephane Da Costa is hit by Nathan Oystrick.
15:15 of 2nd period - Snap shot by Nate Thompson.
15:15 of 2nd period - Shot Blocked by James Wisniewski.
16:00 of 2nd period - Penalty to Petr Pohl is over, Petr Pohl is back on ice.
16:50 of 2nd period - Petri Kontiola is hit by Greg Mauldin and loses puck.
17:02 of 2nd period - Off-side.
17:03 of 2nd period - Boyd Gordon wins face-off versus Adam Henrique in neutral zone.
19:34 of 2nd period - Snap shot by Nate Thompson.
19:34 of 2nd period - Stopped by Ray Emery without a rebound.
19:35 of 2nd period - Stephane Da Costa wins face-off versus Jan Mursak in Harfangs zone.
19:45 of 2nd period - Icing by Brett Carson.
19:46 of 2nd period - Radek Bonk wins face-off versus Stephane Da Costa in Harfangs zone.
Goals for this period are 2 for Harfangs vs 0 for Tamiflu.
Shots for this period are 8 for Harfangs vs 5 for Tamiflu.
3rd period
0:01 of 3rd period - Radek Bonk wins face-off versus Boyd Gordon in neutral zone.
0:04 of 3rd period - Slapshot by Jordan Hendry.
0:04 of 3rd period - Shot Misses the Net.
0:06 of 3rd period - Wrist shot by Alex Picard.
0:06 of 3rd period - Deflect By Mike Brown.
0:06 of 3rd period - Shot Blocked by James Wisniewski.
0:06 of 3rd period - Puck is out of play.
0:07 of 3rd period - Boyd Gordon wins face-off versus Mike Brown in Harfangs zone.
0:31 of 3rd period - Off-side.
0:32 of 3rd period - Greg Mauldin wins face-off versus Petri Kontiola in neutral zone.
0:47 of 3rd period - Slapshot by Pavel Vorobiev.
0:47 of 3rd period - Deflect By Petri Kontiola.
0:47 of 3rd period - Shot Misses the Net.
0:47 of 3rd period - Puck is out of play.
0:48 of 3rd period - Boyd Gordon wins face-off versus Radek Bonk in Tamiflu zone.
0:57 of 3rd period - Wrist shot by Jordan Hendry.
0:57 of 3rd period - Stopped by Ray Emery without a rebound.
0:58 of 3rd period - Eric Godard wins face-off versus Radek Bonk in Harfangs zone.
1:17 of 3rd period - Wrist shot by Alex Picard.
1:17 of 3rd period - Stopped by Ray Emery with a rebound.
1:19 of 3rd period - Wrist shot by Alex Picard.
1:19 of 3rd period - Shot Misses the Net.
1:21 of 3rd period - Snap shot by Alex Picard.
1:21 of 3rd period - Shot Misses the Net.
1:23 of 3rd period - Slapshot by Jordan Hendry.
1:23 of 3rd period - Shot Blocked by Boyd Gordon.
1:25 of 3rd period - Snap shot by Mike Brown.
1:25 of 3rd period - Stopped by Ray Emery without a rebound.
1:26 of 3rd period - Nate Thompson wins face-off versus Petri Kontiola in Harfangs zone.
1:42 of 3rd period - Victor Bartley is hit by Nate Thompson and loses puck.
2:22 of 3rd period - Slapshot by Eric Godard.
2:22 of 3rd period - Shot Misses the Net.
2:40 of 3rd period - Snap shot by Alex Picard.
2:40 of 3rd period - Shot Misses the Net.
2:42 of 3rd period - Snap shot by Adam Henrique.
2:42 of 3rd period - Stopped by Ray Emery without a rebound.
2:43 of 3rd period - Adam Henrique wins face-off versus Boyd Gordon in Harfangs zone.
3:08 of 3rd period - Kyle Lawson is hit by Sasha Pokulok and loses puck.
3:32 of 3rd period - Icing by Jordan Hendry.
3:33 of 3rd period - Alex Killorn wins face-off versus Radek Bonk in Tamiflu zone.
3:44 of 3rd period - Snap shot by Colton Orr.
3:44 of 3rd period - Shot Misses the Net.
3:47 of 3rd period - Icing by Pavel Trnka.
3:48 of 3rd period - Radek Bonk wins face-off versus Petri Kontiola in Tamiflu zone.
3:57 of 3rd period - Slapshot by Jordan Hendry.
3:57 of 3rd period - Stopped by Ray Emery with a rebound.
3:59 of 3rd period - Slapshot by Jordan Hendry.
3:59 of 3rd period - Stopped by Ray Emery without a rebound.
4:00 of 3rd period - Eric Godard wins face-off versus Nate Thompson in Harfangs zone.
4:00 of 3rd period - Eric Godard is hit by Jani Rita.
4:12 of 3rd period - Brett Carson is hit by Petr Pohl and loses puck.
4:30 of 3rd period - Slapshot by Kyle Lawson.
4:30 of 3rd period - Shot Misses the Net.
4:36 of 3rd period - Wrist shot by Brett Carson.
4:36 of 3rd period - Shot Blocked by Radek Bonk.
4:48 of 3rd period - Sasha Pokulok is hit by David Clarkson and loses puck.
5:31 of 3rd period - Nate Thompson is hit by Dustin Jeffrey and loses puck.
5:46 of 3rd period - Wrist shot by Radek Bonk.
5:46 of 3rd period - Stopped by Ray Emery without a rebound.
5:47 of 3rd period - Mike Brown wins face-off versus Stephane Da Costa in Harfangs zone.
6:37 of 3rd period - Snap shot by Peter Olvecky.
6:37 of 3rd period - Stopped by Mike McKenna without a rebound.
6:38 of 3rd period - Boyd Gordon wins face-off versus Radek Bonk in Tamiflu zone.
7:08 of 3rd period - Nathan Oystrick is hit by Dustin Jeffrey and loses puck.
7:22 of 3rd period - Icing by Brian Lashoff.
7:23 of 3rd period - Petri Kontiola wins face-off versus Greg Mauldin in Harfangs zone.
8:19 of 3rd period - Wrist shot by Petri Kontiola.
8:19 of 3rd period - Shot Misses the Net.
8:21 of 3rd period - Wrist shot by Pavel Vorobiev.
8:21 of 3rd period - Stopped by Mike McKenna with a rebound.
8:31 of 3rd period - Backhand shot by Colton Orr.
8:31 of 3rd period - Deflect By Alex Killorn.
8:31 of 3rd period - Goal by Alex Killorn - Harfangs : 3 - Tamiflu : 1.
8:32 of 3rd period - Eric Godard wins face-off versus Mike Brown in neutral zone.
8:35 of 3rd period - Jordan Hendry is hit by Eric Godard and loses puck.
9:07 of 3rd period - Petr Pohl is hit by Dustin Jeffrey and loses puck.
9:24 of 3rd period - Wrist shot by Stefan Ruzicka.
9:24 of 3rd period - Stopped by Mike McKenna without a rebound.
9:25 of 3rd period - Radek Bonk wins face-off versus Stefan Ruzicka in Tamiflu zone.
9:34 of 3rd period - Slapshot by Stephane Da Costa.
9:34 of 3rd period - Goal by Stephane Da Costa - Harfangs : 4 - Tamiflu : 1.
9:35 of 3rd period - Radek Bonk wins face-off versus Boyd Gordon in neutral zone.
9:48 of 3rd period - Wrist shot by Mike Brown.
9:48 of 3rd period - Stopped by Ray Emery without a rebound.
9:49 of 3rd period - Boyd Gordon wins face-off versus Nate Thompson in Harfangs zone.
9:51 of 3rd period - Minor Penalty to Peter Olvecky for Hooking.
9:52 of 3rd period - Radek Bonk wins face-off versus Pavel Vorobiev in Harfangs zone.
9:52 of 3rd period - Wrist shot by Mike Brown.
9:52 of 3rd period - Shot Misses the Net.
9:58 of 3rd period - James Wisniewski is hit by Mike Brown.
10:37 of 3rd period - Victor Bartley is hit by Alex Picard and loses puck.
11:14 of 3rd period - Boyd Gordon is hit by Nathan Oystrick and loses puck.
11:23 of 3rd period - Snap shot by Alex Picard.
11:23 of 3rd period - Goal by Alex Picard - Harfangs : 4 - Tamiflu : 2.
11:24 of 3rd period - Boyd Gordon wins face-off versus Nate Thompson in neutral zone.
11:31 of 3rd period - Slapshot by Peter Olvecky.
11:31 of 3rd period - Shot Misses the Net.
11:57 of 3rd period - Pavel Vorobiev is hit by David Clarkson and loses puck.
12:20 of 3rd period - Slapshot by Nathan Oystrick.
12:20 of 3rd period - Stopped by Ray Emery without a rebound.
12:21 of 3rd period - Radek Bonk wins face-off versus Eric Godard in Harfangs zone.
12:32 of 3rd period - Slapshot by Mike Brown.
12:32 of 3rd period - Stopped by Ray Emery with a rebound.
12:46 of 3rd period - Dustin Jeffrey is hit by Petr Pohl.
13:10 of 3rd period - Wrist shot by David Clarkson.
13:10 of 3rd period - Shot Misses the Net.
13:12 of 3rd period - Slapshot by Jordan Hendry.
13:12 of 3rd period - Shot Blocked by Stephane Da Costa.
13:22 of 3rd period - Minor Penalty to Victor Bartley for Elbowing.
13:23 of 3rd period - Eric Godard wins face-off versus Radek Bonk in Harfangs zone.
13:54 of 3rd period - Pavel Vorobiev is hit by Petr Pohl and loses puck.
14:13 of 3rd period - Wrist shot by Boyd Gordon.
14:13 of 3rd period - Stopped by Mike McKenna without a rebound.
14:14 of 3rd period - Boyd Gordon wins face-off versus Nate Thompson in Tamiflu zone.
15:21 of 3rd period - Nathan Oystrick is hit by Peter Olvecky and loses puck.
15:22 of 3rd period - Penalty to Victor Bartley is over, Victor Bartley is back on ice.
15:43 of 3rd period - Minor Penalty to Stefan Ruzicka for Holding.
15:44 of 3rd period - Eric Godard wins face-off versus Nate Thompson in Harfangs zone.
15:56 of 3rd period - Snap shot by Nate Thompson.
15:56 of 3rd period - Stopped by Ray Emery with a rebound.
16:10 of 3rd period - Eric Godard is hit by Mike Brown and loses puck.
16:33 of 3rd period - Wrist shot by Boyd Gordon.
16:33 of 3rd period - Deflect By Alex Killorn.
16:33 of 3rd period - Shot Misses the Net.
16:33 of 3rd period - Puck is out of play.
16:34 of 3rd period - Boyd Gordon wins face-off versus Radek Bonk in Tamiflu zone.
16:37 of 3rd period - Backhand shot by Alex Killorn.
16:37 of 3rd period - Stopped by Mike McKenna with a rebound.
17:43 of 3rd period - Penalty to Stefan Ruzicka is over, Stefan Ruzicka is back on ice.
17:57 of 3rd period - Justin Braun is hit by Sasha Pokulok and loses puck.
18:04 of 3rd period - Snap shot by Pavel Vorobiev.
18:04 of 3rd period - Stopped by Mike McKenna without a rebound.
18:05 of 3rd period - Greg Mauldin wins face-off versus Boyd Gordon in Tamiflu zone.
18:32 of 3rd period - Nathan Oystrick is hit by Petri Kontiola and loses puck.
18:47 of 3rd period - Wrist shot by Nate Thompson.
18:47 of 3rd period - Stopped by Ray Emery with a rebound.
18:49 of 3rd period - Snap shot by Jani Rita.
18:49 of 3rd period - Stopped by Ray Emery with a rebound.
18:51 of 3rd period - Wrist shot by Jani Rita.
18:51 of 3rd period - Stopped by Ray Emery without a rebound.
18:52 of 3rd period - Boyd Gordon wins face-off versus Greg Mauldin in Harfangs zone.
18:52 of 3rd period - Boyd Gordon is hit by Jordan Hendry.
Goals for this period are 2 for Harfangs vs 1 for Tamiflu.
Shots for this period are 8 for Harfangs vs 15 for Tamiflu.
Output by the SimonT Hockey Simulator (STHS) for François Prévost -- Original Page W3C XHTML 1.0 Valid